[ AOE2 MATCH · #505904577 ]
UnrankedBulgarians vs Khmer
Player's team · LOSS
Rival team · WIN
[ REPLAY ANALYSIS · EXTRACTED FROM THE RECORDED GAME ]
Feudal
8:26
Castle
28:27
Imperial
—
| APM avg | 75.5 |
| APM peak | 117 |
| eAPM avg | 40.6 |
| Villagers / military | 97 / 47 |
Focus
⚔️ 57.7% · 🌾 42.3%
Scout Cavalry ×28 · Knight ×9 · Scorpion ×9 · Spearman ×1
Feudal
8:50
Castle
25:41
Imperial
—
| APM avg | 96.0 |
| APM peak | 186 |
| eAPM avg | 58.2 |
| Villagers / military | 127 / 113 |
Focus
⚔️ 72.9% · 🌾 27.1%
Cavalry Archer ×60 · Archer ×16 · Knight ×13 · Scout Cavalry ×12 · Spearman ×9 · Monk ×3
Match map
Initial resources + every placement click. Lines = walls · curves = elevation contours. ◆ gold · ⬟ stone · ● berries · ✦ relic · ◌ wall gap
Your base· Open — 3t gap
DS_Overtaken's base· ✓ Closed at 25:41 · 41t walls · 3 gate(s)
Smoothed initial terrain · ◌ = detected wall gap · hover for details
Inputs per minute
— TAG_Sitaux - - DS_Overtaken
Build order — TAG_Sitaux
First 150 of 299 actions detected
| 0:00 | Create | Villager (Male) |
| 0:01 | Create | Villager (Male) |
| 0:01 | Build | House |
| 0:02 | Build | House |
| 0:14 | Create | Villager (Male) |
| 0:14 | Create | Villager (Male) |
| 1:25 | Create | Villager (Male) |
| 1:25 | Create | Villager (Male) |
| 1:52 | Create | Villager (Male) |
| 1:58 | Build | Lumber Camp |
| 2:17 | Create | Villager (Male) |
| 2:50 | Create | Villager (Male) |
| 2:50 | Create | Villager (Male) |
| 3:11 | Create | Villager (Male) |
| 3:38 | Create | Villager (Male) |
| 3:54 | Build | House |
| 3:58 | Create | Villager (Male) |
| 4:07 | Build | House |
| 4:08 | Create | Villager (Male) |
| 4:08 | Create | Villager (Male) |
| 4:08 | Create | Villager (Male) |
| 5:00 | Build | Mill |
| 5:15 | Create | Villager (Male) |
| 5:47 | Research | Loom |
| 6:13 | Research | Feudal Age |
| 7:15 | Build | Barracks |
| 8:22 | Create | Villager (Male) |
| 8:26 | Age | Feudal Age |
| 8:27 | Create | Spearman |
| 8:34 | Build | Stable |
| 8:44 | Research | Double-Bit Axe |
| 8:44 | Research | Double-Bit Axe |
| 8:45 | Create | Villager (Male) |
| 9:05 | Create | Villager (Male) |
| 9:10 | Build | Farm |
| 9:22 | Create | Scout Cavalry |
| 9:30 | Build | House |
| 9:33 | Create | Villager (Male) |
| 9:40 | Build | Farm |
| 9:45 | Build | House |
| 9:50 | Create | Scout Cavalry |
| 10:00 | Build | Farm |
| 10:01 | Create | Villager (Male) |
| 10:12 | Build | Farm |
| 10:18 | Create | Scout Cavalry |
| 10:36 | Build | Farm |
| 10:38 | Create | Villager (Male) |
| 10:52 | Build | Farm |
| 10:55 | Create | Villager (Male) |
| 11:13 | Create | Villager (Male) |
| 11:27 | Create | Scout Cavalry |
| 11:31 | Build | Blacksmith |
| 11:45 | Create | Scout Cavalry |
| 11:58 | Create | Villager (Male) |
| 11:59 | Create | Villager (Male) |
| 12:03 | Build | Farm |
| 12:19 | Create | Villager (Male) |
| 12:21 | Build | House |
| 12:27 | Build | Farm |
| 12:29 | Build | Farm |
| 12:30 | Research | Scale Barding Armor |
| 12:40 | Build | House |
| 12:46 | Create | Scout Cavalry |
| 12:52 | Build | Farm |
| 12:59 | Create | Villager (Male) |
| 13:20 | Create | Scout Cavalry |
| 13:31 | Create | Villager (Male) |
| 13:52 | Create | Villager (Male) |
| 13:54 | Build | Farm |
| 13:58 | Research | Horse Collar |
| 14:02 | Build | Mining Camp |
| 14:04 | Create | Scout Cavalry |
| 14:23 | Create | Villager (Male) |
| 14:38 | Create | Villager (Male) |
| 14:39 | Create | Scout Cavalry |
| 14:57 | Research | Forging |
| 15:06 | Create | Villager (Male) |
| 15:11 | Build | Palisade Gate |
| 15:11 | Build | Palisade Wall |
| 15:18 | Build | Outpost |
| 15:20 | Create | Scout Cavalry |
| 15:27 | Build | Watch Tower |
| 15:30 | Create | Villager (Male) |
| 15:57 | Create | Villager (Male) |
| 16:08 | Create | Scout Cavalry |
| 16:13 | Build | House |
| 16:16 | Create | Scout Cavalry |
| 16:26 | Create | Villager (Male) |
| 16:35 | Build | Gate |
| 16:36 | Build | Stone Wall |
| 16:44 | Build | Outpost |
| 16:52 | Create | Scout Cavalry |
| 16:56 | Create | Villager (Male) |
| 16:56 | Create | Villager (Male) |
| 16:58 | Build | Mining Camp |
| 17:05 | Research | Fletching |
| 17:11 | Build | Outpost |
| 17:17 | Create | Villager (Male) |
| 17:36 | Build | Watch Tower |
| 17:41 | Create | Villager (Male) |
| 17:47 | Create | Scout Cavalry |
| 17:48 | Build | House |
| 17:50 | Build | House |
| 18:03 | Build | Stone Wall |
| 18:19 | Create | Scout Cavalry |
| 18:22 | Create | Villager (Male) |
| 18:24 | Build | Farm |
| 18:25 | Build | Farm |
| 18:26 | Build | Farm |
| 18:47 | Create | Villager (Male) |
| 19:05 | Create | Villager (Male) |
| 19:12 | Create | Scout Cavalry |
| 19:17 | Build | Palisade Wall |
| 19:18 | Build | Palisade Wall |
| 19:19 | Build | Palisade Wall |
| 19:24 | Build | Palisade Wall |
| 19:25 | Build | Palisade Wall |
| 19:27 | Create | Villager (Male) |
| 19:41 | Create | Scout Cavalry |
| 19:55 | Create | Villager (Male) |
| 19:56 | Build | Stable |
| 20:26 | Create | Villager (Male) |
| 20:26 | Build | Farm |
| 20:28 | Build | Farm |
| 20:29 | Build | Farm |
| 20:29 | Build | Farm |
| 20:30 | Build | Farm |
| 20:32 | Build | House |
| 20:33 | Build | Palisade Wall |
| 20:35 | Create | Scout Cavalry |
| 20:48 | Build | Stone Wall |
| 20:49 | Create | Villager (Male) |
| 20:55 | Create | Scout Cavalry |
| 21:01 | Build | Gate |
| 21:02 | Build | Stone Wall |
| 21:04 | Build | Stone Wall |
| 21:05 | Build | Stone Wall |
| 21:07 | Create | Villager (Male) |
| 21:10 | Build | Stone Wall |
| 21:10 | Build | Stone Wall |
| 21:16 | Create | Scout Cavalry |
| 21:19 | Build | Farm |
| 21:21 | Build | Farm |
| 21:35 | Build | Stone Wall |
| 21:37 | Create | Villager (Male) |
| 21:39 | Build | Farm |
| 21:50 | Create | Scout Cavalry |
| 22:00 | Create | Villager (Male) |
| 22:02 | Build | Watch Tower |
| 22:19 | Create | Villager (Male) |
Build order — DS_Overtaken
First 150 of 419 actions detected
| 0:00 | Create | Villager (Male) |
| 0:00 | Create | Villager (Male) |
| 0:01 | Create | Villager (Male) |
| 0:02 | Build | House |
| 0:02 | Build | House |
| 0:14 | Create | Villager (Male) |
| 1:28 | Create | Villager (Male) |
| 1:57 | Create | Villager (Male) |
| 2:11 | Build | Lumber Camp |
| 2:13 | Create | Villager (Male) |
| 2:39 | Create | Villager (Male) |
| 3:16 | Create | Villager (Male) |
| 3:25 | Build | House |
| 3:39 | Create | Villager (Male) |
| 3:47 | Build | House |
| 4:04 | Create | Villager (Male) |
| 4:11 | Create | Villager (Male) |
| 4:32 | Create | Villager (Male) |
| 4:42 | Build | Palisade Wall |
| 4:43 | Build | Palisade Wall |
| 5:03 | Build | Palisade Wall |
| 5:18 | Create | Villager (Male) |
| 5:29 | Create | Villager (Male) |
| 5:36 | Build | Palisade Wall |
| 5:36 | Build | Palisade Wall |
| 5:38 | Build | Palisade Wall |
| 5:41 | Build | Palisade Wall |
| 5:46 | Build | Palisade Wall |
| 6:12 | Create | Villager (Male) |
| 6:25 | Build | Palisade Wall |
| 6:31 | Build | Palisade Wall |
| 6:32 | Build | Palisade Wall |
| 6:33 | Build | Palisade Wall |
| 6:39 | Research | Feudal Age |
| 6:39 | Research | Feudal Age |
| 7:34 | Build | Mining Camp |
| 8:33 | Build | House |
| 8:50 | Age | Feudal Age |
| 8:51 | Create | Villager (Male) |
| 8:53 | Build | Archery Range |
| 9:08 | Create | Villager (Male) |
| 9:11 | Build | Mill |
| 9:18 | Create | Villager (Male) |
| 9:20 | Build | House |
| 9:22 | Build | Palisade Gate |
| 9:36 | Research | Double-Bit Axe |
| 9:38 | Create | Archer |
| 9:56 | Build | Farm |
| 9:58 | Create | Archer |
| 9:59 | Create | Villager (Male) |
| 10:07 | Research | Loom |
| 10:13 | Build | House |
| 10:36 | Create | Archer |
| 10:38 | Create | Villager (Male) |
| 10:52 | Create | Villager (Male) |
| 10:54 | Build | Farm |
| 10:55 | Build | Farm |
| 10:56 | Create | Villager (Male) |
| 11:07 | Create | Archer |
| 11:25 | Build | Blacksmith |
| 11:33 | Create | Villager (Male) |
| 11:35 | Build | Farm |
| 11:41 | Create | Villager (Male) |
| 12:05 | Create | Villager (Male) |
| 12:07 | Build | Palisade Wall |
| 12:19 | Create | Villager (Male) |
| 12:21 | Create | Villager (Male) |
| 12:23 | Create | Archer |
| 12:26 | Create | Villager (Male) |
| 12:27 | Build | Farm |
| 12:34 | Research | Fletching |
| 12:34 | Research | Fletching |
| 12:40 | Create | Villager (Male) |
| 12:45 | Build | Stable |
| 12:51 | Build | Palisade Wall |
| 13:14 | Create | Archer |
| 13:18 | Build | House |
| 13:21 | Build | Palisade Wall |
| 13:24 | Build | House |
| 13:30 | Build | House |
| 13:30 | Create | Villager (Male) |
| 13:31 | Create | Villager (Male) |
| 13:39 | Build | Palisade Wall |
| 13:39 | Build | Palisade Wall |
| 13:42 | Create | Scout Cavalry |
| 13:53 | Build | Farm |
| 13:58 | Build | Farm |
| 14:02 | Create | Villager (Male) |
| 14:03 | Build | Farm |
| 14:07 | Create | Archer |
| 14:08 | Create | Archer |
| 14:11 | Create | Scout Cavalry |
| 14:15 | Create | Villager (Male) |
| 14:22 | Create | Villager (Male) |
| 14:23 | Build | Farm |
| 14:28 | Create | Archer |
| 14:35 | Create | Villager (Male) |
| 14:38 | Create | Villager (Male) |
| 14:43 | Build | Farm |
| 14:48 | Create | Scout Cavalry |
| 14:52 | Create | Villager (Male) |
| 14:56 | Build | Palisade Gate |
| 14:59 | Build | Palisade Wall |
| 15:02 | Build | Palisade Wall |
| 15:06 | Build | Palisade Wall |
| 15:08 | Create | Villager (Male) |
| 15:10 | Create | Archer |
| 15:18 | Create | Villager (Male) |
| 15:20 | Build | Farm |
| 15:25 | Create | Archer |
| 15:26 | Create | Scout Cavalry |
| 15:31 | Build | Farm |
| 15:37 | Create | Villager (Male) |
| 15:45 | Build | Farm |
| 15:52 | Create | Archer |
| 15:53 | Create | Scout Cavalry |
| 15:58 | Create | Villager (Male) |
| 16:17 | Build | Watch Tower |
| 16:22 | Create | Villager (Male) |
| 16:25 | Create | Scout Cavalry |
| 16:26 | Create | Villager (Male) |
| 16:29 | Build | Barracks |
| 16:35 | Create | Villager (Male) |
| 16:40 | Create | Villager (Male) |
| 16:46 | Build | Palisade Wall |
| 16:50 | Create | Scout Cavalry |
| 16:51 | Create | Archer |
| 16:53 | Create | Villager (Male) |
| 16:55 | Build | House |
| 17:00 | Create | Villager (Male) |
| 17:10 | Create | Villager (Male) |
| 17:15 | Create | Spearman |
| 17:15 | Create | Spearman |
| 17:15 | Create | Spearman |
| 17:21 | Create | Villager (Male) |
| 17:24 | Build | House |
| 17:33 | Create | Villager (Male) |
| 17:40 | Create | Scout Cavalry |
| 17:40 | Create | Scout Cavalry |
| 17:45 | Build | Mining Camp |
| 17:47 | Build | Palisade Wall |
| 17:47 | Build | Palisade Wall |
| 17:50 | Build | Palisade Wall |
| 17:54 | Create | Villager (Male) |
| 17:59 | Research | Forging |
| 18:01 | Build | Farm |
| 18:05 | Research | Scale Barding Armor |
| 18:05 | Research | Scale Barding Armor |
| 18:19 | Create | Spearman |
| 18:19 | Create | Spearman |
Match timeline
| 4:42 | DS_Overtaken · wall_segment Palisade Wall x1 |
| 4:43 | DS_Overtaken · wall_segment Palisade Wall x4 |
| 5:03 | DS_Overtaken · wall_segment Palisade Wall x1 |
| 5:36 | DS_Overtaken · wall_segment Palisade Wall x1 |
| 5:36 | DS_Overtaken · wall_segment Palisade Wall x1 |
| 5:38 | DS_Overtaken · wall_segment Palisade Wall x6 |
| 5:41 | DS_Overtaken · wall_segment Palisade Wall x1 |
| 5:46 | DS_Overtaken · wall_segment Palisade Wall x6 |
| 6:25 | DS_Overtaken · wall_segment Palisade Wall x1 |
| 6:31 | DS_Overtaken · wall_segment Palisade Wall x1 |
| 6:32 | DS_Overtaken · wall_segment Palisade Wall x1 |
| 6:33 | DS_Overtaken · wall_segment Palisade Wall x4 |
| 7:15 | TAG_Sitaux · first_building Barracks |
| 8:26 | TAG_Sitaux · age_up feudal |
| 8:34 | TAG_Sitaux · first_building Stable |
| 8:50 | DS_Overtaken · age_up feudal |
| 8:53 | DS_Overtaken · first_building Archery Range |
| 12:07 | DS_Overtaken · wall_segment Palisade Wall x2 |
| 12:45 | DS_Overtaken · first_building Stable |
| 12:51 | DS_Overtaken · wall_segment Palisade Wall x2 |
| 13:21 | DS_Overtaken · wall_segment Palisade Wall x1 |
| 13:39 | DS_Overtaken · wall_segment Palisade Wall x1 |
| 13:39 | DS_Overtaken · wall_segment Palisade Wall x1 |
| 14:59 | DS_Overtaken · wall_segment Palisade Wall x1 |
| 15:02 | DS_Overtaken · wall_segment Palisade Wall x1 |
| 15:06 | DS_Overtaken · wall_segment Palisade Wall x1 |
| 15:11 | TAG_Sitaux · wall_segment Palisade Wall x1 |
| 16:29 | DS_Overtaken · first_building Barracks |
| 16:36 | TAG_Sitaux · wall_segment Stone Wall x5 |
| 16:46 | DS_Overtaken · wall_segment Palisade Wall x1 |
| 17:47 | DS_Overtaken · wall_segment Palisade Wall x1 |
| 17:47 | DS_Overtaken · wall_segment Palisade Wall x1 |
| 17:50 | DS_Overtaken · wall_segment Palisade Wall x1 |
| 18:03 | TAG_Sitaux · wall_segment Stone Wall x9 |
| 19:17 | TAG_Sitaux · wall_segment Palisade Wall x1 |
| 19:18 | TAG_Sitaux · wall_segment Palisade Wall x1 |
| 19:19 | TAG_Sitaux · wall_segment Palisade Wall x1 |
| 19:24 | TAG_Sitaux · wall_segment Palisade Wall x1 |
| 19:25 | TAG_Sitaux · wall_segment Palisade Wall x1 |
| 20:33 | TAG_Sitaux · wall_segment Palisade Wall x4 |
| 20:48 | TAG_Sitaux · wall_segment Stone Wall x10 |
| 21:00 | DS_Overtaken · wall_segment Palisade Wall x1 |
| 21:02 | TAG_Sitaux · wall_segment Stone Wall x1 |
| 21:04 | TAG_Sitaux · wall_segment Stone Wall x1 |
| 21:05 | TAG_Sitaux · wall_segment Stone Wall x1 |
| 21:10 | TAG_Sitaux · wall_segment Stone Wall x1 |
| 21:10 | TAG_Sitaux · wall_segment Stone Wall x1 |
| 21:21 | DS_Overtaken · wall_segment Palisade Wall x1 |
| 21:35 | TAG_Sitaux · wall_segment Stone Wall x1 |
| 23:44 | TAG_Sitaux · wall_segment Stone Wall x7 |
| 23:56 | TAG_Sitaux · first_market_buy 100 stone |
| 25:41 | DS_Overtaken · age_up castle |
| 26:16 | TAG_Sitaux · wall_segment Stone Wall x8 |
| 26:23 | TAG_Sitaux · wall_segment Palisade Wall x3 |
| 27:05 | TAG_Sitaux · wall_segment Stone Wall x3 |
| 27:38 | TAG_Sitaux · wall_segment Stone Wall x1 |
| 27:40 | TAG_Sitaux · wall_segment Stone Wall x1 |
| 28:19 | TAG_Sitaux · wall_segment Palisade Wall x1 |
| 28:27 | TAG_Sitaux · age_up castle |
| 28:46 | TAG_Sitaux · first_building Siege Workshop |
| 28:59 | DS_Overtaken · wall_segment Palisade Wall x1 |
| 29:10 | TAG_Sitaux · first_market_sell 100 wood |
| 29:51 | TAG_Sitaux · wall_segment Palisade Wall x1 |
| 29:52 | TAG_Sitaux · wall_segment Palisade Wall x1 |
| 29:54 | TAG_Sitaux · wall_segment Palisade Wall x1 |
| 29:54 | TAG_Sitaux · wall_segment Palisade Wall x1 |
| 32:08 | DS_Overtaken · first_building Monastery |
| 33:51 | DS_Overtaken · wall_segment Stone Wall x1 |
| 33:51 | DS_Overtaken · wall_segment Stone Wall x1 |
| 35:28 | DS_Overtaken · first_building Castle |
| 35:47 | DS_Overtaken · first_building Siege Workshop |
| 36:04 | TAG_Sitaux · first_building Krepost |
| 36:41 | TAG_Sitaux · resign |
[ AI ANALYSIS · 1 CREDIT ]
What really happened in this match?
Wolo.gg analyzes every decision: build order, eco, micro, common mistakes by bracket. Personalized analysis on WhatsApp or Discord in 30 seconds.
Civ guide
Bulgarians
Perfil
Jugador #212721